 Dungeon Crawl Stone Soup version 0.19.5 (webtiles) character file.

212 HeyBub the Slasher (level 5, 0/46 HPs)
             Began as a Minotaur Monk on May 5, 2017.
             Was a Follower of Ru.
             Slain by an orc warrior
             ... wielding a +0 scimitar
              (15 damage)
             ... on level 4 of the Dungeon.
             The game lasted 00:05:17 (2206 turns).

HeyBub the Slasher (Minotaur Monk)                  Turns: 2206, Time: 00:05:18

Health: 0/46       AC: 11    Str: 20    XL:     5   Next: 58%
Magic:  4/4        EV:  6    Int:  7    God:    Ru [*.....]
Gold:   175        SH:  0    Dex: 12    Spells: 0 memorised, 4 levels left

rFire  . . .     SeeInvis .     m - +0 long sword
rCold  + . .     Gourm    .     p - +0 plate armour
rNeg   . . .     Faith    .     (no shield)
rPois  .         Spirit   .     (helmet restricted)
rElec  .         Reflect  .     (no cloak)
rCorr  .         Harm     .     j - +0 pair of gloves (curse)
MR     .....                    (no boots)
Stlth  ..........               (no amulet)
                                i - ring of protection from cold
                                l - +3 ring of strength

@: confused
A: retaliatory headbutt, horns 2, no charms magic, no hexes magic, no poison
magic
a: Renounce Religion


You were on level 4 of the Dungeon.
You worshipped Ru.
Ru was aware of your devotion.
You were not hungry.

You visited 1 branch of the dungeon, and saw 4 of its levels.

You collected 175 gold pieces.

Inventory:

Hand Weapons
 a - a +1 falchion
 m - a +0 long sword (weapon)
Armour
 b - a +0 robe
 j - a cursed +0 pair of gloves (worn)
 p - a +0 plate armour (worn)
Jewellery
 i - a ring of protection from cold (right hand)
 l - a +3 ring of strength (left hand)
Scrolls
 n - 4 scrolls of identify
Potions
 d - a potion of brilliance
Comestibles
 c - 2 bread rations
 f - 2 meat rations
 g - 2 beef jerkies


   Skills:
 - Level 3.7 Fighting
 - Level 7.5 Long Blades
 + Level 0.5 Armour
 - Level 3.3 Dodging
 - Level 1.5 Stealth


You had 4 spell levels left.
You didn't know any spells.

Dungeon Overview and Level Annotations

Branches:
Dungeon (4/15)
 Temple: D:4-7

Altars:
Kikubaaqudgha
Ru
Trog
Xom


Innate Abilities, Weirdness & Mutations

You reflexively headbutt those who attack you in melee.
You have a pair of horns on your head.
You cannot study or cast Charms magic.
You cannot study or cast Hexes magic.
You cannot study or cast Poison magic.


Message History

You slash the orc warrior!
The orc warrior is heavily wounded.
The orc hits you but does no damage.
You hit the orc warrior but do no damage.
The orc warrior is heavily wounded.
The orc warrior hits you with a scimitar!
* * * LOW HITPOINT WARNING * * *
The orc hits you but does no damage.
Unknown command.
You are too injured to fight recklessly!
You slash the orc warrior!
The orc warrior is severely wounded.
The orc warrior hits you but does no damage.
You feel better.
The orc warrior hits you with a scimitar.
* * * LOW HITPOINT WARNING * * *
You are confused.
You feel invigorated.
The orc warrior hits you with a scimitar!
You die...

#.# #.# ####.# #.#
.....# #.# ###..# #.#
.....# #.# .....# #.#
.....# #.# .....# #.#
###..# #@# #
#..####### #o# .
#............)o).....#
.
#.############.##....#
.##.###### #.# ....
........... ... .>.
#.#.####.## ..# ..
#.#.# ..# . ....# ##.#


You could see an orc warrior and an orc.

Vanquished Creatures
  A bullfrog skeleton (D:4)
  Jessica (D:3)
  A hound skeleton (D:3)
  4 adders (D:2)
  2 oozes
  An adder skeleton (D:3)
  2 worms (D:3)
  3 dart slugs
  A leopard gecko (D:2)
  8 orcs
  2 giant cockroaches
  7 goblins
  9 hobgoblins
  11 kobolds
  4 quokkas
  7 bats
  6 frilled lizards
  A leopard gecko skeleton (D:3)
  A leopard gecko zombie (D:3)
  6 rats
  A fungus (D:1)
79 creatures vanquished.

Notes
Turn   | Place    | Note
-------+----------+-------------------------------------------
     0 | D:1      | HeyBub the Minotaur Monk began the quest for the Orb.
     0 | D:1      | Reached XP level 1. HP: 19/19 MP: 0/0
   129 | D:1      | Reached skill level 4 in Long Blades
   147 | D:1      | Reached XP level 2. HP: 27/27 MP: 1/1
   782 | D:1      | Reached skill level 5 in Long Blades
   782 | D:1      | Reached XP level 3. HP: 30/33 MP: 2/2
   986 | D:2      | Reached XP level 4. HP: 32/40 MP: 3/3
  1038 | D:2      | Reached skill level 6 in Long Blades
  1255 | D:2      | Found a faded altar of an unknown god.
  1389 | D:2      | Found a shimmering altar of Xom.
  1391 | D:2      | Found an opulent altar of Gozag.
  1391 | D:2      | Found a sparkling altar of Nemelex Xobeh.
  1393 | D:2      | Found a sacrificial altar of Ru.
  1393 | D:2      | Found a shattered altar of Ashenzari.
  1393 | D:2      | Found a shattered altar of Ashenzari.
  1473 | D:3      | Noticed Jessica
  1479 | D:3      | Killed Jessica
  1479 | D:3      | Reached XP level 5. HP: 31/46 MP: 4/4
  1595 | D:3      | Reached skill level 7 in Long Blades
  1643 | D:3      | Found a sacrificial altar of Ru.
  1696 | D:3      | Became a worshipper of Ru the Awakened
  1716 | D:3      | Gained mutation: You cannot study or cast Poison magic. [Ru sacrifice]
  1716 | D:3      | Gained mutation: You cannot study or cast Hexes magic. [Ru sacrifice]
  1716 | D:3      | Gained mutation: You cannot study or cast Charms magic. [Ru sacrifice]
  1716 | D:3      | Reached * piety under Ru
  1736 | D:3      | Found an ancient bone altar of Kikubaaqudgha.
  1738 | D:3      | Found a bloodstained altar of Trog.
  2192 | D:4      | Noticed an orc warrior
  2206 | D:4      | Slain by an orc warrior

Skill      XL: |  1  2  3  4  5 |
---------------+----------------+-----
Long Blades    | 4 5 6 7 |  7.5
Fighting       | |  3.7
Armour         | |  0.5
Dodging        | |  3.3
Stealth        | |  1.5

Action                   |  1- 3 |  4- 6 || total
-------------------------+-------+-------++-------
Melee: Falchion          |    84 |   117 ||   201
       Headbutt          |    14 |    26 ||    40
       Long sword        |       |    11 ||    11
Invok: Sacrifice Arcana  |       |     1 ||     1
  Use: Scroll            |     5 |     4 ||     9
       Potion            |     3 |     7 ||    10
 Stab: Sleeping          |     2 |       ||     2
       Invisible         |       |     2 ||     2
  Eat: Pizza             |       |     3 ||     3
       Beef jerky        |       |     1 ||     1
Armor: Robe              |     5 |       ||     5
       Plate armour      |    28 |    99 ||   127
Dodge: Dodged            |    43 |    50 ||    93
       Rpst.: Falchion   |     8 |    14 ||    22
       Long sword        |       |     3 ||     3
